 Dungeon Crawl Stone Soup version 0.21.1-1-g345015f (webtiles) character file.

1299 Kiux97 the Chopper (level 8, -2/68 HPs)
             Began as a Hill Orc Fighter on Apr 24, 2018.
             Was a Follower of Ru.
             Slain by a wight
             ... wielding a +3 spear
              (3 damage)
             ... on level 8 of the Dungeon.
             The game lasted 00:51:03 (4604 turns).

Kiux97 the Chopper (Hill Orc Fighter)               Turns: 4604, Time: 00:51:06

Health: -2/68      AC: 10    Str: 19 (21) XL:     8   Next: 57%
Magic:  8/8        EV:  8    Int:  8      God:    Ru [*.....]
Gold:   362        SH: 15    Dex: 11 (14) Spells: 7/7 levels left

rFire    . . .     SeeInvis .   i - +0 hand axe (venom)
rCold    . . .     Gourm    .   c - +1 shield
rNeg     . . .     Faith    .   b - +0 scale mail
rPois    .         Spirit   .   (no helmet)
rElec    .         Reflect  +   (no cloak)
rCorr    .         Harm     .   F - +2 pair of gloves
MR       +....                  (no boots)
Stlth    ++........             t - +4 amulet of reflection {My First}
HPRegen  0.21/turn              y - ring of stealth
MPRegen  0.11/turn              (no ring)

@: lethally poisoned (-2 -> -24), about to teleport, drained
A: thin skeletal structure 1, agile 1, magic resistance 1, unskilled 1
a: Renounce Religion


You were on level 8 of the Dungeon.
You worshipped Ru.
Ru was aware of your devotion.
You were not hungry.

You visited 1 branch of the dungeon, and saw 8 of its levels.

You collected 362 gold pieces.

Inventory:

Hand Weapons
 a - a +0 war axe
 g - a +0 club
 h - a +0 hunting sling
 i - a +0 hand axe of venom (weapon)
 k - a +0 whip
 m - a +1 mace
 p - a +0 spear
 u - a +0 hand axe
 D - a +0 club
Missiles
 e - 132 stones
 l - 187 arrows
 w - 3 tomahawks (quivered)
Armour
 b - a +0 scale mail (worn)
 c - a +1 shield (worn)
 d - a +0 scale mail
 n - a +0 leather armour
 o - a +0 ring mail
 s - a +0 ring mail
 F - a +2 pair of gloves (worn)
Jewellery
 t - a +4 amulet of reflection (around neck) {My First}
 y - a ring of stealth (left hand)
 z - a -2 ring of dexterity
Wands
 A - a wand of random effects (27)
Scrolls
 f - a scroll of remove curse
 q - a scroll of blinking
 r - 2 scrolls of teleportation
 x - a scroll of amnesia
Potions
 j - 2 potions of flight
 v - a potion of agility


   Skills:
 + Level 5.0(4.9) Fighting
 + Level 6.6(6.4) Axes
 + Level 1.2(1.1) Throwing
 + Level 5.3(5.1) Armour
 + Level 2.1(1.9) Dodging
 + Level 1.5(1.3) Stealth
 + Level 5.7(5.5) Shields


You had 7 spell levels left.
You didn't know any spells.

Dungeon Overview and Level Annotations

Branches:
Dungeon (8/15)             Temple (0/1) D:4
   Lair: D:8-11

Altars:
Kikubaaqudgha
Ru

Shops:
D:8 }


Innate Abilities, Weirdness & Mutations

You are somewhat unskilled. (-1 Apt)
You have a somewhat thin skeletal structure. (Dex +2, Stealth)
You are agile. (Dex +2)
You are resistant to hostile enchantments. (MR+)


Message History

* * * LOW HITPOINT WARNING * * *
You are lethally poisoned!
The killer bee poisons you!
The killer bee stings you but does no damage.
You block the wight's attack.
* * * LOW HITPOINT WARNING * * *
You feel sick. The killer bee stings you.
* * * LOW HITPOINT WARNING * * *
You block the killer bee's attack. x2; The killer bee stings you.
* * * LOW HITPOINT WARNING * * *
You are more poisoned.
The killer bee poisons you! You block the wight's attack.
As you read the scroll of teleportation, it crumbles to dust.
You feel strangely unstable.
* * * LOW HITPOINT WARNING * * *
You feel sick. The killer bee closely misses you.
You block the killer bee's attack. The worker ant bites you.
* * * LOW HITPOINT WARNING * * *
The wight hits you from afar with an enchanted spear.
You die...

#...# #... #...# #
#... #..## # #. #..
#..# .#.# #.. #..#
... #.# #..# #$. #.#
#..# #.###.# #..#
#..y@y########..#
###y[a..........#
.oh..hzy........#.#.#
#...........#####.#.#
#o..........# #.#.#
............# #.#.#
##..#........# #.#.#
#..#......#... #.#.#
## .......###. ..#.#


You could see a howler monkey, a worker ant, 4 killer bees, a wight and an orc
(wandering).

Vanquished Creatures
  A hungry ghost (D:7)
  A phantom (D:7)
  2 centaurs
  A necrophage (D:7)
  A bullfrog (D:4)
  A scorpion (D:5)
  A killer bee (D:8)
  A wight (D:8)
  2 crimson imps
  A quasit (D:5)
  A jelly (D:5)
  3 orc wizards
  5 hounds
  5 worker ants
  A hound skeleton (D:7)
  A hound zombie (D:6)
  6 adders
  An ooze (D:3)
  An adder skeleton (D:5)
  A leopard gecko (D:5)
  15 orcs
  3 giant cockroaches
  5 goblins
  7 hobgoblins
  8 kobolds
  2 quokkas
  7 bats
  2 frilled lizards
  A quokka skeleton (D:4)
  4 rats
91 creatures vanquished.

Notes
Turn   | Place    | Note
-------+----------+-------------------------------------------
     0 | D:1      | Kiux97 the Hill Orc Fighter began the quest for the Orb.
     0 | D:1      | Reached XP level 1. HP: 19/19 MP: 1/1
   494 | D:1      | Reached XP level 2. HP: 24/27 MP: 2/2
   687 | D:1      | Reached skill level 3 in Axes
   988 | D:3      | Reached XP level 3. HP: 26/33 MP: 3/3
  1266 | D:3      | Reached skill level 1 in Dodging
  1342 | D:3      | Reached XP level 4. HP: 27/40 MP: 4/4
  1644 | D:4      | Noticed a bullfrog
  1655 | D:4      | Killed a bullfrog
  1655 | D:4      | Reached skill level 4 in Axes
  1655 | D:4      | Reached XP level 5. HP: 23/47 MP: 5/5
  1734 | D:4      | Found a sacrificial altar of Ru.
  1846 | D:4      | Became a worshipper of Ru the Awakened
  1974 | D:4      | Found a staircase to the Ecumenical Temple.
  2117 | D:5      | Entered Level 5 of the Dungeon
  2151 | D:5      | Gained mutation: Your mind is acute. (Int +2) [potion of mutation]
  2151 | D:5      | Gained mutation: Your spells are a little harder to cast, but a little more powerful. [potion of mutation]
  2189 | D:5      | Reached skill level 1 in Stealth
  2189 | D:5      | Reached XP level 6. HP: 26/53 MP: 6/6
  2684 | D:5      | Reached skill level 5 in Axes
  2993 | D:6      | Reached XP level 7. HP: 56/60 MP: 7/7
  3063 | D:6      | Found an ancient bone altar of Kikubaaqudgha.
  3316 | D:6      | Reached skill level 5 in Armour
  3316 | D:6      | Reached skill level 5 in Shields
  3587 | D:6      | Lost mutation: Your mind is acute. (Int +2) [potion of mutation]
  3587 | D:6      | Lost mutation: Your spells are a little harder to cast, but a little more powerful. [potion of mutation]
  3587 | D:6      | Gained mutation: You are resistant to hostile enchantments. (MR+) [potion of mutation]
  3587 | D:6      | Gained mutation: You are agile. (Dex +2) [potion of mutation]
  3587 | D:6      | Gained mutation: You have a somewhat thin skeletal structure. (Dex +2, Stealth) [potion of mutation]
  3890 | D:7      | Reached skill level 5 in Fighting
  3909 | D:7      | Gained mutation: You are somewhat unskilled. (-1 Apt) [Ru sacrifice]
  3909 | D:7      | Reduced skill Dodging to level 1
  3909 | D:7      | Reached * piety under Ru
  4110 | D:7      | Reached skill level 5 in Shields
  4195 | D:7      | Reached skill level 5 in Armour
  4195 | D:7      | Reached XP level 8. HP: 60/66 MP: 8/8
  4229 | D:7      | Reached skill level 1 in Throwing
  4364 | D:7      | Reached skill level 6 in Axes
  4544 | D:8      | Found Nooffad's Gadget Emporium.
  4602 | D:8      | Reached skill level 5 in Fighting
  4604 | D:8      | HP: 1/68 [worker ant (4)]
  4604 | D:8      | Slain by a wight

Skill      XL: |  1  2  3  4  5  6  7  8 |
---------------+-------------------------+-----
Fighting       | 4 4 5 |  5.0
Axes           | 3 4 5 6 |  6.6
Dodging        | 1 1 2 |  2.1
Armour         | 4 5 |  5.3
Shields        | 4 5 |  5.7
Stealth        | 1 |  1.5
Throwing       | 1 |  1.2

Action                   |  1- 3 |  4- 6 |  7- 9 || total
-------------------------+-------+-------+-------++-------
Melee: War axe           |    99 |     4 |       ||   103
       Hand axe          |       |   128 |   143 ||   271
Throw: Stone             |    11 |     1 |     1 ||    13
       Tomahawk          |       |     2 |     8 ||    10
Invok: Sacrifice Skill   |       |       |     1 ||     1
  Use: Scroll            |     4 |     9 |    11 ||    24
       Potion            |       |     3 |     5 ||     8
  Eat: Ration            |     1 |     1 |     4 ||     6
Armor: Scale mail        |    82 |    65 |    41 ||   188
       Ring mail         |     1 |       |       ||     1
Dodge: Dodged            |    52 |    47 |    42 ||   141
Block: Shield            |    82 |    81 |   146 ||   309
       Reflection        |       |     1 |     4 ||     5
